 Dungeon Crawl Stone Soup version 0.27-a0-1136-g0b992a5a9d (webtiles) character file.

Game seed: 1656300212656815728

74 voltaire321 the Ducker (level 4, -1/34 HPs)
             Began as a Demonspawn Gladiator on May 5, 2021.
             Killed by nerve-wracking pain
             ... invoked by Grinder
              (6 damage)
             ... on level 3 of the Dungeon.
             The game lasted 00:04:55 (1839 turns).

voltaire321 the Ducker (Demonspawn Gladiator)       Turns: 1839, Time: 00:04:56

Health: -1/34      AC:  5    Str: 15    XL:     4   Next: 10%
Magic:  4/4        EV: 11    Int: 10    God:
Gold:   52         SH:  0    Dex: 14    Spells: 3/3 levels left

rFire    . . .     SeeInvis .   a - +0 long sword
rCold    . . .     Faith    .   (no shield)
rNeg     . . .     Spirit   .   e - +0 ring mail
rPois    .         Reflect  .   (helmet restricted)
rElec    .         Harm     .   (no cloak)
rCorr    .         Rampage  .   (no gloves)
Will     .....                  (no boots)
Stlth    +.........             (no amulet)
HPRegen  0.11/turn              (no ring)
MPRegen  0.09/turn              (no ring)

@: no status effects
A: horns 1, demonic magic 1
a: no special abilities


You were on level 3 of the Dungeon.
You visited 1 branch of the dungeon, and saw 3 of its levels.

You collected 52 gold pieces.

Inventory:

Hand Weapons
 a - a +0 long sword (weapon)
Missiles
 d - 3 throwing nets (quivered)
Armour
 c - a +0 helmet
 e - a +0 ring mail (worn)
Scrolls
 b - a scroll of magic mapping {unknown}
 f - a scroll of blinking {unknown}
 g - 2 scrolls of identify {unknown}
 h - 2 scrolls of teleportation {unknown}
 j - a scroll of enchant weapon {unknown}
 l - a scroll of amnesia {unknown}


   Skills:
 + Level 2.6 Fighting
 + Level 3.1 Long Blades
 + Level 2.3 Throwing
 + Level 1.2 Armour
 + Level 3.1 Dodging


You had 3 spell levels left.
You didn't know any spells.
Your spell library contained the following spells:

 Spells                   Type           Power      Damage    Failure   Level
 Magic Dart               Conj           0%         1d3       58%         1
 Searing Ray              Conj           0%         3d3       73%         2
 Dazzling Flash           Conj/Hex       0%         N/A       91%         3
 Fulminant Prism          Conj/Hex       0%         3d6       100%        4
 Iskenderun's Mystic Bla  Conj/Tloc      0%         2d3       100%        4


Dungeon Overview and Level Annotations

Branches:
Dungeon (3/15)

Altars:

Shops:
D:2 (

Annotations:
D:3 Grinder


Innate Abilities, Weirdness & Mutations

You have a pair of small horns on your head.
Spells you cast may paralyse adjacent enemies.


Message History

You hit Grinder but do no damage. Your headbutt misses Grinder.
Grinder gestures at you.
You barely resist. You closely miss Grinder. Your headbutt misses Grinder.
Grinder gestures at you.
You barely resist. Grinder barely misses you.
You riposte.
You hit Grinder.
Grinder is lightly wounded.
You barely miss Grinder.
Grinder is lightly wounded.
Grinder hits you!
You closely miss Grinder. Your headbutt misses Grinder.
Grinder is lightly wounded.
Grinder grins, showing sharp teeth.
Grinder hits you.
You closely miss Grinder. You headbutt Grinder, but do no damage.
Grinder is lightly wounded.
Grinder hits you.
You writhe in agony.
* * * LOW HITPOINT WARNING * * *
You hit Grinder.
Grinder is moderately wounded.
Grinder misses you.
You riposte.
You slash Grinder!
Grinder is heavily wounded.
You hit Grinder. You headbutt Grinder.
Grinder is severely wounded.
Grinder hits you but does no damage. Grinder closely misses you.
You closely miss Grinder. You headbutt Grinder.
Grinder is almost dead.
Grinder hits you.
* * * LOW HITPOINT WARNING * * *
You writhe in agony.
* * * LOW HITPOINT WARNING * * *
It was a potion of curing.
You feel better. Grinder hits you.
* * * LOW HITPOINT WARNING * * *
You writhe in agony.
* * * LOW HITPOINT WARNING * * *
You closely miss Grinder.
Grinder is almost dead.
Grinder gestures at you. Pain shoots through your body!
You die...

###.......................
......................>...
..........................
.....#....................
...........###............
........##.###............
.............(...?.......#
...............5.......##
...#.#+#........@......#
...#. #...............#
...# #..................
#...........###....
..######.....# ..(. ..
......# .(. .......# ..
#########


You could see Grinder.

Vanquished Creatures
  An adder (D:2)
  2 worms (D:2)
  A dart slug (D:2)
  3 bats
  3 endoplasms
  4 giant cockroaches
  2 goblins (D:1)
  4 hobgoblins
  11 jackals
  3 kobolds (D:2)
  4 quokkas
  5 ball pythons
  A frilled lizard (D:2)
  4 rats
48 creatures vanquished.

Vanquished Creatures (others)
  2 plants (D:1)
2 creatures vanquished.

Grand Total: 50 creatures vanquished

Notes
Turn   | Place    | Note
-------+----------+-------------------------------------------
     0 | D:1      | voltaire321 the Demonspawn Gladiator began the quest for
                  | the Orb.
     0 | D:1      | Reached XP level 1. HP: 16/16 MP: 1/1
   219 | D:1      | Gained mutation: Spells you cast may paralyse adjacent
                  | enemies. [demonic ancestry]
   219 | D:1      | Reached XP level 2. HP: 22/22 MP: 2/2
  1003 | D:2      | Found a faded altar of an unknown god.
  1017 | D:2      | Gained mutation: You have a pair of small horns on your
                  | head. [demonic ancestry]
  1017 | D:2      | Reached XP level 3. HP: 27/28 MP: 3/3
  1090 | D:2      | Reached skill level 1 in Armour
  1338 | D:2      | Found Jikhun's Weapon Emporium.
  1630 | D:2      | Reached XP level 4. HP: 34/34 MP: 4/4
  1821 | D:3      | Noticed Grinder
  1839 | D:3      | Killed from afar by Grinder

Illustrated notes

Levels and vault maps discovered:
D:1:      tarquinn_simple_flora_water_a, layout_basic, chequers_big_river
D:2:      layout_basic, chequers_ecumenical_altar_island, serial_shops,
          nicolae_shop_behind_doors, guppyfry_early_lair_pool
D:3:      layout_basic, roderic_serpentine_path, uniq_grinder

Skill      XL: |  1  2  3 |
---------------+----------+-----
Throwing       | 2 |  2.3
Dodging        | 3 |  3.1
Armour         | 1 |  1.2
Long Blades    | 3 |  3.1
Fighting       | |  2.6

Action                   |  1- 3 |  4- 6 || total
-------------------------+-------+-------++-------
Melee: Long sword        |   125 |    16 ||   141
       Headbutt          |     6 |     5 ||    11
Throw: Javelin           |       |     4 ||     4
  Use: Potion            |       |     1 ||     1
Armor: Ring mail         |    60 |     2 ||    62
Dodge: Dodged            |   106 |     7 ||   113
       Rpst.: Long sword |    29 |     3 ||    32

Table legend: (Time is in decaauts)
 A = Elapsed time spent in this place.
 B = Non-inter-level travel time spent in this place.
 C = Inter-level travel time spent in this place.
 D = Time resting spent in this place.
 E = Time spent auto-exploring this place.
 F = Levels seen in this place.
 G = Mean time per level.
                   A        B        C        D        E       F      G
               +--------+--------+--------+--------+--------+-----+--------+
         Total |   1885 |   1810 |     75 |     97 |   1291 |   3 |  628.3 |
       Dungeon |   1885 |   1810 |     75 |     97 |   1291 |   3 |  628.3 |
               +--------+--------+--------+--------+--------+-----+--------+

Top non-repeatable levels by time:
     D:2: 915 daAuts
     D:1: 889 daAuts
     D:3: 80 daAuts
